 Dungeon Crawl Stone Soup version 0.29-a0-1042-g87b1fcd763 (webtiles) character file.

Game seed: 7699865094196792036

35 polve the Chopper (level 3, 0/43 HPs)
             Began as a Demonspawn Abyssal Knight on Aug 15, 2022.
             Was a Believer of Lugonu.
             Succumbed to an adder's poison
             ... on level 2 of the Dungeon.
             The game lasted 00:01:08 (1742 turns).

polve the Chopper (Demonspawn Abyssal Knight)       Turns: 1742, Time: 00:01:08

Health: 0/43       AC: 21    Str: 15    XL:     3   Next: 16%
Magic:  4/4        EV:  2    Int:  9    God:    Lugonu [**....]
Gold:   101        SH:  0    Dex: 13    Spells: 2/2 levels left

rFire   . . .      SeeInvis .   a - +1 hand axe
rCold   . . .      Faith    .   (no shield)
rNeg    . . .      Spirit   .   (body armour currently unavailable)
rPois   +          Reflect  .   (helmet currently unavailable)
rElec   .          Harm     .   (cloak currently unavailable)
rCorr   .          Rampage  .   (gloves currently unavailable)
Will    .....      NoTele   +   (boots currently unavailable)
Stlth   +.........              (no amulet)
HPRegen 0.14/turn               (no ring)
MPRegen 0.09/turn               (no ring)

@: lethally poisoned (0 -> -3), tree-form, hasted, very quick
A: stationary, stasis, torment immunity, boosted hp, powered by death 1, dopey
1, MP-powered wands
a: Renounce Religion, Depart the Abyss, Bend Space


You were on level 2 of the Dungeon.
You worshipped Lugonu.
Lugonu was pleased with you.
You were a tree.
You visited 1 branch of the dungeon, and saw 2 of its levels.
You visited the Abyss 1 time.

You collected 101 gold pieces.

Inventory:

Hand Weapons
 a - a +1 hand axe (weapon)
Armour
 f - a +0 scale mail (melded)
Jewellery
 h - a +6 ring of dexterity
Scrolls
 c - a scroll of fear {unknown}
 d - a scroll of amnesia {unknown}
 e - 3 scrolls of enchant armour {unknown}
 i - a scroll of teleportation {unknown}


   Skills:
 - Level 3.0 Fighting
 + Level 3.3 Axes
 - Level 1.7 Armour
 - Level 0.8 Dodging
 - Level 2.4 Invocations


You had 2 spell levels left.
You didn't know any spells.
Your spell library contained the following spells:

 Spells                   Type           Power      Damage    Failure   Level
 Beastly Appendage        Tmut           0%         N/A       38%         1
 Wereblood                Tmut           0%         N/A       52%         2
 Spider Form              Tmut/Pois      0%         N/A       77%         3


Dungeon Overview and Level Annotations

Branches:
Dungeon (2/15)

Altars:


Innate Abilities, Weirdness & Mutations

You are a tree.
Your roots penetrate the ground, keeping you stationary.
You cannot be teleported.
You are immune to unholy pain and torment.
Your maximum health is greatly increased.
Your equipment is partially melded.
You regenerate a little health from kills.
You are dopey. (Int -2)
You expend magic power (3 MP) to strengthen your wands.


Message History

You feel very sick. The quokka barely misses you.
The adder bites you but does no damage. x2
The quokka bites you but does no damage.
You hit the adder.
The adder is almost dead.
You barely miss the quokka. You closely miss the adder.
* * * LOW HITPOINT WARNING * * *
You feel sick.
The adder bites you but does no damage. x2
The quokka closely misses you. The adder bites you.
* * * LOW HITPOINT WARNING * * *
The adder bites you but does no damage.
It was a potion of lignification.
You turn into a tree.
Your +0 scale mail melds into your body.
Your roots penetrate the ground.
* * * LOW HITPOINT WARNING * * *
You feel sick.
The quokka bites you but does no damage.
The adder bites you but does no damage. x2
It was a potion of haste.
You feel yourself speed up.
* * * LOW HITPOINT WARNING * * *
You feel sick.
The quokka bites you but does no damage.
The adder bites you but does no damage. x3
The quokka bites you but does no damage.
The adder bites you but does no damage.
It was a potion of mutation.
You feel extremely strange.
You feel stupid.
You feel your magical essence link to the dungeon's wands.
You miss the adder.
The adder is almost dead.
You barely miss the quokka. You hit the adder.
* * * LOW HITPOINT WARNING * * *
You feel sick. The adder bites you but does no damage.
The quokka bites you but does no damage.
The adder bites you but does no damage.
You hit the adder.
You kill the adder!
Lugonu accepts your kill.
You hit the quokka but do no damage. You barely miss the adder.
You die...

#..##.#
#..##.####..........
#...#...##..........
#######.##..........
#.......##..........
#.####...#..........
#.#.#..........
#.#.#..)r......
#.#.#..♣†......
#.#.#...S>.....
#.#.#.)........
..#....####+###
######.# #.# #..
####


You could see an adder and a quokka.

Vanquished Creatures
  An adder (D:2)
  2 endoplasms
  A giant cockroach (D:1)
  2 hobgoblins
  4 ball pythons
  2 bats (D:2)
  5 frilled lizards
  9 goblins
  4 kobolds
  5 rats
35 creatures vanquished.

Notes
Turn   | Place    | Note
-------+----------+-------------------------------------------
     0 | Abyss:1  | polve the Demonspawn Abyssal Knight began the quest for the
                  | Orb.
     0 | Abyss:1  | Reached XP level 1. HP: 18/18 MP: 2/2
    37 | Abyss:1  | Found a corrupted altar of Lugonu.
    43 | Abyss:1  | Noticed a neqoxec
    47 | D:1      | Escaped the Abyss
   607 | D:1      | Reached ** piety under Lugonu
   624 | D:1      | Gained mutation: You regenerate a little health from kills.
                  | [demonic ancestry]
   624 | D:1      | Reached XP level 2. HP: 15/24 MP: 3/3
  1120 | D:1      | Found a faded altar of an unknown god.
  1630 | D:2      | Reached XP level 3. HP: 28/29 MP: 4/4
  1738 | D:2      | HP: 2/43 [poisoned by an adder]
  1740 | D:2      | Gained mutation: You are dopey. (Int -2) [potion of
                  | mutation]
  1740 | D:2      | Gained mutation: You expend magic power (3 MP) to
                  | strengthen your wands. [potion of mutation]
  1742 | D:2      | Succumbed to an adder's poison

Illustrated notes

Levels and vault maps discovered:
D:1:      spicycebolla_arrival_clurvy, layout_basic,
          shapermc_ecumenical_altar_mp_vishouse, minivault_24
D:2:      wander_river, layout_basic

Skill      XL: |  1  2 |
---------------+-------+-----
Axes           | 2 3 |  3.3
Fighting       | |  3.0
Armour         | |  1.7
Dodging        | |  0.8
Invocations    | |  2.4

Action                   || total
-------------------------++-------
Melee: Hand axe          ||    85
       Punch             ||     1
Invok: Depart the Abyss  ||     1
  Use: Potion            ||     3
Armor: Leather armour    ||     7
       Scale mail        ||    41
       Skin              ||    12
Dodge: Dodged            ||    54

Table legend: (Time is in decaauts)
 A = Elapsed time spent in this place.
 B = Non-inter-level travel time spent in this place.
 C = Inter-level travel time spent in this place.
 D = Time resting spent in this place.
 E = Time spent auto-exploring this place.
 F = Levels seen in this place.
 G = Mean time per level.
                   A        B        C        D        E       F      G
               +--------+--------+--------+--------+--------+-----+--------+
         Total |   1754 |   1705 |     49 |      0 |   1488 |   3 |  584.7 |
       Dungeon |   1707 |   1658 |     49 |      0 |   1445 |   2 |  853.5 |
         Abyss |     47 |     47 |      0 |      0 |     43 |   1 |   47.0 |
               +--------+--------+--------+--------+--------+-----+--------+

Top non-repeatable levels by time:
     D:1: 1451 daAuts
     D:2: 255 daAuts
 Abyss:1: 47 daAuts
